 Dungeon Crawl Stone Soup version 0.26.0-10-g1f06aea511 (webtiles) character file.

Game seed: 17899667299668678269

577 Dracia the Covert (level 7, 0/36 HPs)
             Began as a Kobold Enchanter on Jan 18, 2021.
             Was an Initiate of Dithmenos.
             Killed from afar by an orc wizard (8 damage)
             ... with a puff of frost
             ... on level 4 of the Dungeon.
             The game lasted 00:08:24 (5403 turns).

Dracia the Covert (Kobold Enchanter)                Turns: 5403, Time: 00:08:25

Health: 0/36       AC:  3    Str:  6    XL:     7   Next: 62%
Magic:  9/10       EV: 15    Int: 17    God:    Dithmenos [......]
Gold:   205        SH:  0    Dex: 16    Spells: 1/10 levels left

rFire    + . .     SeeInvis .   l - +3 dagger (venom)
rCold    . . .     Faith    .   (shield restricted)
rNeg     . . .     Spirit   .   b - +1 robe
rPois    .         Reflect  .   (no helmet)
rElec    .         Harm     .   (no cloak)
rCorr    .         Rampage  .   (no gloves)
Will     .....                  (no boots)
Stlth    +++++.....             (no amulet)
HPRegen  0.12/turn              F - ring of protection from fire
MPRegen  0.12/turn              (no ring)

@: brilliant
A: small, nightstalker 3
a: Renounce Religion


You were on level 4 of the Dungeon.
You worshipped Dithmenos.
Dithmenos was noncommittal.
You visited 2 branches of the dungeon, and saw 6 of its levels.

You collected 205 gold pieces.


Innate Abilities, Weirdness & Mutations

You are small and have problems with some larger weapons.
You are completely attuned to the shadows.


   Skills:
 + Level 5.8 Short Blades
 - Level 2.4 Dodging
 - Level 8.0 Stealth
 - Level 2.1 Spellcasting
 - Level 5.0 Hexes


You had one spell level left.
You knew the following spells:

 Your Spells              Type           Power        Failure   Level
d - Tukima's Dance        Hex            28%          8%          3
o - Confusing Touch       Hex            28%          8%          3
x - Ensorcelled Hibernat  Hex/Ice        30%          11%         2
z - Corona                Hex            31%          2%          1

Your spell library contained the following spells:

 Spells                   Type           Power        Failure   Level
 Animate Skeleton         Necr           4%           19%         1
 Apportation              Tloc           4%           19%         1
 Summon Small Mammal      Summ           8%           19%         1
 Dazzling Flash           Conj/Hex       30%          21%         3

Inventory:

Hand Weapons
 a - a +1 dagger
 h - a +2 dagger of speed
 l - a +3 dagger of venom (weapon)
Armour
 b - a +1 robe (worn)
Jewellery
 k - an uncursed amulet of magic regeneration {unknown}
 m - a cursed ring of teleportation {unknown}
 F - a ring of protection from fire (left hand)
Scrolls
 d - a scroll of fog
 o - a scroll of fear
 r - 2 scrolls of identify {@r1@r1}
 t - 2 scrolls of remove curse {@r2@r2}
 u - a scroll of noise {unknown}
Potions
 c - a potion of attraction
 e - a potion of flight {unknown}
 f - a potion of haste {@q3@q3}
 g - 4 potions of might
 i - a potion of degeneration {unknown}
 j - 2 potions of curing {@q1@q1}
 n - a potion of mutation {unknown}
 p - a potion of cancellation {unknown}
 q - a potion of heal wounds {unknown}
 s - 3 potions of brilliance

Dungeon Overview and Level Annotations

Branches:
Dungeon (5/15)             Temple (1/1) D:5

Altars:
Ashenzari
Dithmenos
Elyvilon
Fedhas
Gozag
Hepliaklqana
Kikubaaqudgha
Makhleb
Okawaru
Qazlal
Sif Muna
Trog
Uskayaw
Vehumet
Wu Jian
Yredelemnul
The Shining One

Annotations:
D:4 1 runed translucent door, Crazy Yiuf

#.#.####.###..# #..#
#.#'###...##..# #..#
#.#_##.....#..###..#
#.#'#..............#
###.##.....#.#######
#####.###...##.#
###..........###.#
........########o#
###.###........o@#
#.# #.########## #.#
#.# #.###.#
###.#...# ....#.###
#####.# #####.#
......#


You could see 2 orc wizards.


Message History

* * * LOW HITPOINT WARNING * * *
You hit the orc wizard but do no damage.
The orc wizard is poisoned.
The orc wizard barely misses you. The orc wizard closely misses you.
You bump into the rock wall.
The orc wizard closely misses you.
The orc wizard hits you but does no damage.
You bump into the rock wall.
You feel less confused.
The orc wizard hits you with a +0 dagger.
* * * LOW HITPOINT WARNING * * *
The orc wizard closely misses you.
You hit the orc wizard.
The orc wizard is moderately wounded.
The orc wizard hits you but does no damage.
It was a potion of brilliance.
You feel clever all of a sudden.
The orc wizard hits you with a +0 dagger.
* * * LOW HITPOINT WARNING * * *
The orc wizard casts a spell at you. The magic dart hits you.
* * * LOW HITPOINT WARNING * * *
It was a potion of curing.
You feel better.
The orc wizard hits you but does no damage.
The orc wizard closely misses you.
You hit the orc wizard but do no damage.
The orc wizard looks even sicker.
The orc wizard is heavily wounded.
The orc wizard casts a spell at you. The puff of frost hits you!
You die...

Skill      XL: |  1  2  3  4  5  6  7 |
---------------+----------------------+-----
Short Blades   | 2 3 4 5 |  5.8
Stealth        | 5 7 8 |  8.0
Hexes          | 5 |  5.0
Dodging        | |  2.4
Spellcasting   | |  2.1

Action                   |  1- 3 |  4- 6 |  7- 9 || total
-------------------------+-------+-------+-------++-------
Melee: Dagger            |   104 |   132 |    28 ||   264
 Cast: Corona            |     2 |       |       ||     2
       Ensorcelled Hiber |     7 |    13 |     6 ||    26
       Confusing Touch   |       |       |     1 ||     1
  Use: Scroll            |     4 |     9 |       ||    13
       Potion            |       |       |     2 ||     2
 Stab: Sleeping          |    12 |    27 |     6 ||    45
       Distracted        |       |     1 |       ||     1
       Confused          |       |       |     1 ||     1
Armor: Robe              |     3 |     7 |     5 ||    15
Dodge: Dodged            |    55 |    49 |    22 ||   126

Levels and vault maps discovered:
D:1:      minmay_arrival_five_plusses, layout_basic
D:2:      layout_rooms, nicolae_overflow_crystal_walls,
          eat_drink_and_be_merry_uskayaw, chequers_ecumenical_altar_lobes
D:3:      layout_rooms, general_overflow_altar, lemuel_coloured_pillars_altar
D:4:      layout_loops_ring, kennysheep_mini,
          gammafunk_temple_overflow_forgotten, uniq_crazy_yiuf_cottage
D:5:      layout_rooms, minmay_temple_entry_gardened_gates
Temple:   kb_temple_of_zot

Notes
Turn   | Place    | Note
-------+----------+-------------------------------------------
     0 | D:1      | Dracia the Kobold Enchanter began the quest for the Orb.
     0 | D:1      | Reached XP level 1. HP: 10/10 MP: 3/3
   106 | D:1      | HP: 1/10 [hobgoblin (1)]
   583 | D:1      | Reached skill level 2 in Short Blades
   627 | D:1      | Reached XP level 2. HP: 11/15 MP: 5/5
   639 | D:1      | Learned a level 2 spell: Ensorcelled Hibernation
  1337 | D:1      | Reached skill level 3 in Short Blades
  1600 | D:2      | Reached XP level 3. HP: 19/19 MP: 6/6
  2029 | D:2      | Reached XP level 4. HP: 24/24 MP: 7/7
  2041 | D:2      | Learned a level 3 spell: Confusing Touch
  2141 | D:2      | Reached skill level 4 in Short Blades
  2141 | D:2      | Reached skill level 5 in Stealth
  2308 | D:2      | Found a shimmering blue altar of Sif Muna.
  2417 | D:2      | Found a faded altar of an unknown god.
  2594 | D:2      | Found a hide-covered altar of Uskayaw.
  2812 | D:3      | Reached XP level 5. HP: 23/28 MP: 3/8
  3007 | D:3      | Reached skill level 5 in Short Blades
  3054 | D:3      | Found an ancient bone altar of Kikubaaqudgha.
  3355 | D:3      | Found a radiant altar of Vehumet.
  3601 | D:4      | Noticed a phantom
  3608 | D:4      | Killed a phantom
  3609 | D:4      | Reached skill level 7 in Stealth
  3609 | D:4      | Reached XP level 6. HP: 24/32 MP: 9/9
  3616 | D:4      | Learned a level 3 spell: Tukima's Dance
  3953 | D:4      | Reached skill level 8 in Stealth
  3979 | D:4      | Found a runed translucent door.
  3982 | D:4      | Noticed Crazy Yiuf
  4241 | D:4      | Found a hazy altar of Hepliaklqana.
  4241 | D:4      | Found a white marble altar of Elyvilon.
  4241 | D:4      | Found a glowing golden altar of the Shining One.
  4282 | D:4      | Found an ornate altar of the Wu Jian Council.
  4626 | D:5      | Entered Level 5 of the Dungeon
  4634 | D:5      | Reached XP level 7. HP: 36/36 MP: 10/10
  4652 | D:5      | Found a staircase to the Ecumenical Temple.
  4661 | Temple   | Entered the Ecumenical Temple
  4772 | Temple   | Became a worshipper of Dithmenos the Shadowed
  5079 | D:5      | Reached skill level 4 in Hexes
  5385 | D:4      | Reached skill level 5 in Hexes
  5401 | D:4      | HP: 2/36 [orc wizard/magic dart (6)]
  5403 | D:4      | Killed from afar by an orc wizard

Vanquished Creatures
  A phantom (D:4)
  A centaur (D:5)
  2 centaur zombies
  An orc priest (D:4)
  A hound (D:5)
  An orc wizard (D:5)
  An iguana (D:4)
  3 worker ants
  6 adders
  2 oozes
  A worm (D:2)
  2 dart slugs
  6 leopard geckos
  19 orcs
  A giant cockroach (D:2)
  2 hobgoblins (D:1)
  4 jackals (D:1)
  6 kobolds
  A quokka (D:4)
  A ball python (D:3)
  6 bats
  7 frilled lizards
  8 goblins
  A leopard gecko skeleton (D:4)
  5 rats
89 creatures vanquished.

Vanquished Creatures (others)
  10 plants
10 creatures vanquished.

Grand Total: 99 creatures vanquished

Table legend: (Time is in decaauts)
 A = Elapsed time spent in this place.
 B = Non-inter-level travel time spent in this place.
 C = Inter-level travel time spent in this place.
 D = Time resting spent in this place.
 E = Time spent auto-exploring this place.
 F = Levels seen in this place.
 G = Mean time per level.
                   A        B        C        D        E       F      G
               +--------+--------+--------+--------+--------+-----+--------+
         Total |   5313 |   5247 |     66 |    882 |   3764 |   6 |  885.5 |
       Dungeon |   5157 |   5091 |     66 |    882 |   3620 |   5 | 1031.4 |
        Temple |    155 |    155 |      0 |      0 |    144 |   1 |  155.0 |
               +--------+--------+--------+--------+--------+-----+--------+

Top non-repeatable levels by time:
     D:1: 1574 daAuts
     D:4: 1167 daAuts
     D:2: 1145 daAuts
     D:3: 706 daAuts
     D:5: 564 daAuts
  Temple: 155 daAuts

Table legend:
 A = Non-vault XP
 B = Vault XP
 C = Vault XP percentage of total XP
 D = Non-vault monster count
 E = Vault monster count
 F = Vault count percentage of total count
                 A         B        C        D         E       F
            +---------+---------+-------+---------+---------+-------
      Total |     825 |       0 |   0.0 |      89 |       0 |   0.0
            +---------+---------+-------+---------+---------+-------
        D:1 |      28 |       0 |   0.0 |      16 |       0 |   0.0
        D:2 |     103 |       0 |   0.0 |      26 |       0 |   0.0
        D:3 |      39 |       0 |   0.0 |      16 |       0 |   0.0
        D:4 |     369 |       0 |   0.0 |      21 |       0 |   0.0
        D:5 |     286 |       0 |   0.0 |      10 |       0 |   0.0
            +---------+---------+-------+---------+---------+-------
